 Dungeon Crawl Stone Soup version 0.25.1-2-g60ff931df9 (webtiles) character file.

Game seed: 11430263772024672696

533 McKennaii the Shield-Bearer (level 7, -3/44 HPs)
             Began as a Gargoyle Fighter on Oct 19, 2020.
             Killed from afar by Dowan (6 damage)
             ... with a shard of ice
             ... on level 4 of the Dungeon.
             The game lasted 00:07:21 (3004 turns).

McKennaii the Shield-Bearer (Gargoyle Fighter)      Turns: 3004, Time: 00:07:21

Health: -3/44      AC: 15    Str: 21    XL:     7   Next: 24%
Magic:  7/7        EV:  6    Int:  9    God:
Gold:   114        SH: 10    Dex:  9    Spells: 6/6 levels left

rFire    . . .     SeeInvis .   a - +0 flail
rCold    . . .     Gourm    .   c - +0 kite shield
rNeg     + + .     Faith    .   q - +0 chain mail
rPois    ∞         Spirit   .   (no helmet)
rElec    +         Reflect  .   n - scarf {+Inv}
rCorr    .         Harm     .   (no gloves)
MR       .....                  k - +0 pair of boots
Stlth    ..........             (no amulet)
HPRegen  0.14/turn              i - ring of positive energy
MPRegen  0.10/turn              (no ring)

@: glowing
A: negative energy resistance 1, electricity resistance, unbreathing,
petrification resistance, rot immunity, AC +4
a: Evoke Invisibility


You were on level 4 of the Dungeon.
You were hungry.

You visited 2 branches of the dungeon, and saw 5 of its levels.

You collected 114 gold pieces.

Inventory:

Hand Weapons
 a - a +0 flail (weapon)
Armour
 c - a +0 kite shield (worn)
 k - a +0 pair of boots (worn)
 n - a scarf of invisibility (worn)
 q - a +0 chain mail (worn)
Jewellery
 i - a ring of positive energy (left hand)
Scrolls
 e - a scroll of noise {unknown}
 g - 9 scrolls of identify
 h - 2 scrolls of teleportation
 j - a scroll of amnesia {unknown}
 l - 2 scrolls of remove curse
 m - 2 scrolls of fear
Potions
 d - a potion of might
 o - a potion of berserk rage {unknown}
Comestibles
 f - 9 rations


   Skills:
 + Level 4.4 Fighting
 + Level 4.8 Maces & Flails
 + Level 4.9 Armour
 + Level 5.5 Shields


You had 6 spell levels left.
You didn't know any spells.
Your spell library was empty.

Dungeon Overview and Level Annotations

Branches:
Dungeon (4/15)             Temple (1/1) D:4

Altars:
Ashenzari
Cheibriados
Dithmenos
Elyvilon
Fedhas
Gozag
Hepliaklqana
Kikubaaqudgha
Makhleb
Nemelex Xobeh
Okawaru
Ru
Sif Muna
Vehumet
Wu Jian
Yredelemnul
Zin
The Shining One

Annotations:
D:4 Dowan


Innate Abilities, Weirdness & Mutations

You are resistant to torment.
Your stone body is resilient. (AC +4)
You are immune to poison.
You resist negative energy. (rN+)
You are resistant to electric shocks. (rElec)
You can survive without breathing.
You are immune to petrification.
You are immune to rotting.


Message History

You closely miss Dowan.
Dowan is severely wounded.
Dowan mumbles some strange words.
Dowan blinks!
You miss Dowan.
Dowan is severely wounded.
Dowan says, "How can I live without her?"
Dowan barely misses you. You block Dowan's attack.
Unknown command.
You hit Dowan.
Dowan is almost dead.
Dowan casts a spell at you. The stone arrow hits you!
* * * LOW HITPOINT WARNING * * *
Unknown command.
You closely miss Dowan.
Dowan is almost dead.
Dowan casts a spell at you. The shard of ice hits you.
You die...

##### #..)### .# #.#...#
#.# #.###e# #.## ### #e#
#.### ...#.#... ##.#
#...####......#
#.e#####....).#...#
#.##..@e...##.##..#####
###.##.#####.............
#...#. ####....### #.
#.......e..# #....#
#............ ##...#
#..<......e.. #...# #
#.....=?..... #(..## #
##........$># #....# #.
##...##..... #.>..# #.


You could see Dowan (fast).

Vanquished Creatures
  Sigmund (D:3)
  Duvessa (D:4)
  Jessica (D:3)
  Ijyb (D:3)
  An orc wizard (D:4)
  2 worker ants (D:4)
  4 gnolls (D:2)
  4 adders
  3 dart slugs
  3 leopard geckos
  9 orcs (D:4)
  10 bats
  2 giant cockroaches (D:1)
  2 goblins
  5 hobgoblins
  9 jackals
  3 kobolds
  2 quokkas
  3 frilled lizards
  A jackal skeleton (D:4)
  3 rats
70 creatures vanquished.

Vanquished Creatures (others)
  An orc wizard (D:4)
1 creature vanquished.

Grand Total: 71 creatures vanquished

Notes
Turn   | Place    | Note
-------+----------+-------------------------------------------
     0 | D:1      | McKennaii the Gargoyle Fighter began the quest for the Orb.
     0 | D:1      | Reached XP level 1. HP: 14/14 MP: 1/1
   225 | D:1      | Reached XP level 2. HP: 17/19 MP: 2/2
   659 | D:2      | Reached XP level 3. HP: 23/23 MP: 3/3
   767 | D:2      | Reached skill level 4 in Shields
   767 | D:2      | Reached XP level 4. HP: 18/29 MP: 4/4
   965 | D:2      | Found a shimmering blue altar of Sif Muna.
  1390 | D:3      | Found a hazy altar of Hepliaklqana.
  1407 | D:3      | Found a white marble altar of Elyvilon.
  1541 | D:3      | Noticed Sigmund
  1649 | D:3      | Noticed Jessica
  1671 | D:3      | Killed Jessica
  1671 | D:3      | Reached XP level 5. HP: 23/33 MP: 5/5
  2092 | D:3      | Killed Sigmund
  2092 | D:3      | Reached XP level 6. HP: 32/38 MP: 6/6
  2158 | D:3      | Noticed Ijyb
  2160 | D:3      | Paralysed by Ijyb for 3 turns
  2168 | D:3      | Paralysed by something for 2 turns
  2178 | D:3      | Paralysed by something for 5 turns
  2190 | D:3      | Paralysed by something for 6 turns
  2201 | D:3      | Killed Ijyb
  2201 | D:3      | Reached skill level 5 in Shields
  2452 | D:4      | Found a sacrificial altar of Ru.
  2628 | D:4      | Reached XP level 7. HP: 43/43 MP: 7/7
  2671 | D:4      | Found a staircase to the Ecumenical Temple.
  2680 | D:4      | Found a radiant altar of Vehumet.
  2680 | D:4      | Found a shattered altar of Ashenzari.
  2709 | Temple   | Entered the Ecumenical Temple
  2958 | D:4      | Noticed Duvessa
  2958 | D:4      | Noticed Dowan
  2985 | D:4      | Killed Duvessa
  3004 | D:4      | Killed from afar by Dowan

Illustrated notes

Levels and vault maps discovered:
D:1:      sevenhm_arrival_forest_fort_large_4, layout_rooms
D:2:      layout_loops_ring, overflow_temple_1_default
D:3:      layout_basic, overflow_temple_1_default,
          nicolae_overflow_crystal_walls, uniq_ijyb, uniq_jessica, uniq_sigmund
D:4:      layout_rooms, nicolae_ru_great_annihilating_truth,
          gammafunk_temple_overflow_wave, minmay_temple_entry_crystal_x,
          first_ration, uniq_duvessa
Temple:   minmay_temple_bridge_abc

Skill      XL: |  1  2  3  4  5  6 |
---------------+-------------------+-----
Maces & Flails | 3 4 |  4.8
Shields        | 4 5 |  5.5
Armour         | 4 |  4.9
Fighting       | 4 |  4.4

Action                   |  1- 3 |  4- 6 |  7- 9 || total
-------------------------+-------+-------+-------++-------
Melee: Flail             |    85 |   247 |    37 ||   369
  Use: Scroll            |       |     2 |     2 ||     4
       Potion            |       |     2 |       ||     2
 Stab: Paralysed         |       |     1 |       ||     1
  Eat: Chunk             |       |     6 |     1 ||     7
Armor: Scale mail        |    74 |   167 |     4 ||   245
       Chain mail        |       |       |    18 ||    18
Dodge: Dodged            |    38 |    91 |     7 ||   136
Block: Kite shield       |    75 |   156 |    22 ||   253
